 Dungeon Crawl Stone Soup version 0.18-a0-1303-g41c131c (webtiles) character file.

60 nuthulu the Skirmisher (level 4, -3/30 HPs)
             Began as a Gargoyle Fighter on Feb 12, 2016.
             Slain by an orc
             ... wielding a +0 morningstar
              (7 damage)
             ... on level 3 of the Dungeon.
             The game lasted 00:05:08 (1878 turns).

nuthulu the Skirmisher (Gargoyle Fighter)           Turns: 1878, Time: 00:05:09

Health: -3/30      AC: 10    Str: 19    XL:     4   Next: 6%
Magic:  4/4        EV:  7    Int:  9    God:
Gold:   62         SH: 11    Dex: 10    Spells: 0 memorised, 3 levels left

rFire  . . .     SeeInvis .     a - +0 flail
rCold  . . .     Gourm    .     b - +0 scale mail
rNeg   + . .     Faith    .     c - +2 shield
rPois  ∞         Spirit   .     (no helmet)
rElec  +         Dismiss  .     (no cloak)
rCorr  .         Reflect  .     (no gloves)
SustAt .         Harm     .     (no boots)
MR     .....                    (no amulet)
Stlth  ..........               (no ring)
                                (no ring)

@: not resistant to hostile enchantments, extremely unstealthy
A: negative energy resistance 1, electricity resistance, unbreathing,
petrification resistance, rot immunity, AC +3
a: no special abilities


You were on level 3 of the Dungeon.
You were hungry.

You visited 1 branch of the dungeon, and saw 3 of its levels.

You collected 62 gold pieces.

Inventory:

Hand Weapons
 a - a +0 flail (weapon)
Armour
 b - a +0 scale mail (worn)
 c - a +2 shield (worn)
Jewellery
 j - a +4 ring of evasion {unknown}
Potions
 d - 2 potions of might
 e - 2 potions of cancellation
 g - a potion of cure mutation {unknown}
 k - a potion of lignification {unknown}
 l - a potion of brilliance {unknown}
 m - a potion of curing {unknown}
 n - a potion of agility {unknown}
 o - 2 potions of heal wounds {unknown}
Comestibles
 f - 2 bread rations
 h - 4 chunks of flesh
 i - a meat ration


   Skills:
 + Level 4.5 Fighting
 + Level 3.1 Maces & Flails
 - Level 3.2 Armour
 - Level 3.2 Shields


You had 3 spell levels left.
You didn't know any spells.

Dungeon Overview and Level Annotations

Branches:
Dungeon (3/15)

Altars:


Innate Abilities, Weirdness & Mutations

You are resistant to torment.
Your stone body is resilient (AC +3).
You are immune to poison.
You resist negative energy.
You are resistant to electric shocks.
You can survive without breathing.
You are immune to petrification.
You are immune to rotting.


Message History

The orc priest hits you but does no damage.
The orc barely misses you. The orc priest barely misses you.
An orc comes into view. It is wielding a mace.
You closely miss the orc priest.
The orc priest is severely wounded.
You block the orc's attack.
The orc moves out of view.
The orc priest barely misses you. The orc hits you but does no damage.
You closely miss the orc priest.
The orc priest is severely wounded.
The orc priest hits you with a club.
* * * LOW HITPOINT WARNING * * *
You block the orc's attack.
Unknown command.
You closely miss the orc priest.
The orc priest is severely wounded.
The orc priest invokes the aid of Beogh against you.
Pain shoots through your body!
* * * LOW HITPOINT WARNING * * *
The orc hits you with a morningstar!
You die...

#.....)..#..##.#
#.##.#####..##.#
#.##...........#####
##.#####...o...<....#
#..^..##[......##.#.#****
#####.##.......#*,#,*,,,,
#.....#o..........*,,,,,,
*#.#..#o##.#######***,***
#....#o@#.# *,,,,,
#.......#.# ****,,*,*
#.......#.# *,,,,,,,,
##.###.##+#*****,,,,,,,*
#.**#..,,,,,,**,,,,,,,,
#.,,....,,,,,+,,,,*,,,,
#***##...,,,,******,,,,
*....,,,* **,,, *.....,,*
****


You could see an orc priest and 2 orcs.

Vanquished Creatures
  An adder (D:2)
  2 giant geckos
  An orc (D:3)
  5 bats
  2 giant cockroaches
  8 goblins
  12 hobgoblins
  3 kobolds (D:1)
  2 giant newts
  7 rats
43 creatures vanquished.

Notes
Turn   | Place    | Note
--------------------------------------------------------------
     0 | D:1      | nuthulu the Gargoyle Fighter began the quest for the Orb.
     0 | D:1      | Reached XP level 1. HP: 14/14 MP: 1/1
    93 | D:1      | Reached XP level 2. HP: 17/19 MP: 2/2
   333 | D:1      | Reached skill level 4 in Fighting
   559 | D:1      | Reached XP level 3. HP: 22/24 MP: 3/3
  1824 | D:3      | Reached XP level 4. HP: 30/30 MP: 4/4
  1878 | D:3      | Slain by an orc

Vault maps used:
D:1:      lemuel_arrival_lava_pool
D:2:      first_bread
D:3:      corexii_shack_village, minitemple

Action                   |  1- 3 |  4- 6 || total
-------------------------+-------+-------++-------
Melee: Flail             |   190 |    26 ||   216
  Use: Scroll            |     7 |       ||     7
  Eat: Chunk             |     3 |       ||     3
